 Dungeon Crawl Stone Soup version 0.31-a0-348-g810772c3d7 (webtiles) character file.

Game seed: 16411492623068269077

32 Hajna the Covered (level 3, -3/32 HPs)
             Began as an Armataur Fighter on July 23, 2023.
             Slain by Sigmund
             ... wielding a +0 scythe
              (5 damage)
             ... on level 2 of the Dungeon.
             The game lasted 00:02:04 (1049 turns).

Hajna the Covered (Armataur Fighter)                Turns: 1049, Time: 00:02:08

Health: -3/32      AC:  7    Str: 23    XL:     3   Next: 8%
Magic:  2/2        EV:  7    Int:  8    God:
Gold:   55         SH:  4    Dex:  9    Spells: 2/2 levels left

rFire   . . .        a - +0 flail
rCold   . . .        c - +0 buckler
rNeg    . . .        b - +0 scale mail
rPois   .            (no helmet)
rElec   .            (no cloak)
rCorr   .            (no gloves)
SInv    .            (no barding)
Will    .....        (no amulet) Stlth
                     (no ring)
HPRegen 0.25/turn    (no ring)
MPRegen 0.08/turn

%: roll
@: no status effects
A: large, rugged brown scales 3, deformed body, armoured tail, roll, long
tongue, awkward tongue, low MP 1, wild magic 1, evolution 1
a: no special abilities


You were on level 2 of the Dungeon.
You visited 1 branch of the dungeon, and saw 2 of its levels.

You collected 55 gold pieces.

Inventory:

Hand Weapons
 a - a +0 flail (weapon)
Missiles
 l - 4 poisoned darts
Armour
 b - a +0 scale mail (worn)
 c - a +0 buckler (worn)
Scrolls
 i - a scroll of amnesia {unknown}
 j - a scroll of revelation {unknown}
 k - a scroll of summoning {unknown}
 m - a scroll of fog {unknown}
Potions
 g - a potion of enlightenment
 h - a potion of magic {unknown}


   Skills:
 + Level 2.9 Fighting
 + Level 2.2 Maces & Flails
 + Level 4.0 Armour
 + Level 3.8 Shields


You had 2 spell levels left.
You didn't know any spells.
Your spell library contained the following spells:

 Spells                   Type           Power      Damage    Failure   Level
 Foxfire                  Conj/Fire      0%         2x1d4     85%         1
 Scorch                   Fire           0%         2d5       93%         2
 Sublimation of Blood     Necr           0%         N/A       93%         2
 Wereblood                Tmut           0%         N/A       93%         2
 Flame Wave               Conj/Fire      0%         2d4       100%        4
 Summon Ice Beast         Ice/Summ       0%         N/A       100%        4
 Summon Mana Viper        Hex/Summ       0%         N/A       100%        5
 Plasma Beam              Fire/Air       0%         2x1d10    100%        6
 Starburst                Conj/Fire      0%         6d3       100%        6
 Summon Cactus Giant      Summ           0%         N/A       100%        6
 Monstrous Menagerie      Summ           0%         N/A       100%        7
 Summon Hydra             Summ           0%         N/A       100%        7


Dungeon Overview and Level Annotations

Branches:
Dungeon (2/15)

Altars:
Dithmenos

Shops:
D:1 =

Annotations:
D:2 Sigmund


Innate Abilities, Weirdness & Mutations

You are completely covered in rugged brown scales. (AC +3, +7% HP)
Armour fits poorly on your strangely shaped body.
You have a long armoured tail.
You roll when moving toward enemies. (Rampage)
Your long tongue fully drains potion bottles. (2x potion effects)
Your tongue gives you trouble enunciating. (1.5x scroll delay)
Your magical capacity is low. (-10% MP)
Your spells are a little harder to cast, but a little more powerful.
You have hidden genetic potential.


Message History

Sigmund gestures at you while chanting. The magic dart hits you!
You closely miss Sigmund. The bat hits you. You block the bat's attack.
Sigmund closely misses you.
You sock Sigmund! You tail-slap Sigmund.
Sigmund is heavily wounded.
The bat hits you but does no damage. Sigmund closely misses you.
You barely miss Sigmund.
Sigmund is heavily wounded.
The bat hits you. You block the bat's attack.
Sigmund hits you with a +0 scythe!
* * * LOW HITPOINT WARNING * * *
You thump Sigmund!
Your tail-slap misses Sigmund.
Sigmund is almost dead.
The bat closely misses you.
Sigmund casts a spell.
Sigmund flickers and vanishes!
Deactivating autopickup; reactivate with Ctrl-A.
You barely miss something. The bat hits you but does no damage.
Something hits you.
* * * LOW HITPOINT WARNING * * *
It was a potion of mutation.
You feel extremely strange.
You feel less in control of your magic.
You feel less energetic.
You feel a hidden potential growing inside you.
You slurp down every last drop of the potion of mutation!
You block the bat's attack.
It was a potion of enlightenment.
You feel very buoyant.
You fly up into the air.
You slurp down every last drop of the potion of enlightenment!
The bat barely misses you. Something hits you.
* * * LOW HITPOINT WARNING * * *
It was a potion of cancellation.
Your magical effects are unravelling.
You feel magically purged.
You slurp down every last drop of the potion of cancellation!
You float gracefully downwards.
You feel a little less mighty now.
Your enlightenment fades.
The bat hits you but does no damage. Something hits you.
You die...

#.######.#.#
...........#..........#.
.....$.....######.......
.............. #.....#<
............# #.....##
.[..........# #.<.....
............# #.######
........_..### #.#.....
......{@...#.. #.#.####
.......b...#.# #.#.# #
...........#.# #.#.# #
..!.......$#.####.#.# #
................#.#.# #
#########.#.....#.#.# #
#.#.....#.#.####
#.#.....#.......
#.#.....###.####


You could see a bat.

Vanquished Creatures
  An adder (D:2)
  4 ball pythons
  An endoplasm (D:2)
  3 giant cockroaches
  3 goblins
  A hobgoblin (D:2)
  2 quokkas
  3 kobolds (D:1)
  A rat (D:1)
19 creatures vanquished.

Notes
Turn   | Place    | Note
-------+----------+-------------------------------------------
     0 | D:1      | Hajna the Armataur Fighter began the quest for the Orb.
     0 | D:1      | Reached XP level 1. HP: 19/19 MP: 1/1
   368 | D:1      | Reached XP level 2. HP: 26/26 MP: 2/2
   602 | D:1      | Found Rurun's One-of-a-Kind Rings.
   897 | D:2      | Reached skill level 4 in Armour
   979 | D:2      | Reached XP level 3. HP: 31/32 MP: 3/3
  1032 | D:2      | Found a shadowy altar of Dithmenos.
  1036 | D:2      | Noticed Sigmund
  1047 | D:2      | Gained mutation: Your spells are a little harder to cast,
                  | but a little more powerful. [potion of mutation]
  1047 | D:2      | Gained mutation: Your magical capacity is low. (-10% MP)
                  | [potion of mutation]
  1047 | D:2      | Gained mutation: You have hidden genetic potential. [potion
                  | of mutation]
  1049 | D:2      | Slain by Sigmund

Illustrated notes

Levels and vault maps discovered:
D:1:      dpeg_arrival_water_fire, layout_basic, minivault_14,
          nicolae_shop_unique_rings, serial_bayou_crossing
D:2:      layout_basic, basic_altar, uniq_sigmund

Skill      XL: |  1  2 |
---------------+-------+-----
Maces & Flails | 2 |  2.2
Armour         | 4 |  4.0
Fighting       | |  2.9
Shields        | |  3.8

Action                     || total
---------------------------++-------
  Melee: Flail             ||    57
         Tailslap          ||     6
    Use: Potion            ||     4
 Armour: Scale mail        ||    26
  Dodge: Dodged            ||    25
  Block: Buckler           ||    11

Table legend: (Time is in decaauts)
 A = Elapsed time spent in this place.
 B = Non-inter-level travel time spent in this place.
 C = Inter-level travel time spent in this place.
 D = Time resting spent in this place.
 E = Time spent auto-exploring this place.
 F = Levels seen in this place.
 G = Mean time per level.
                   A        B        C        D        E       F      G
               +--------+--------+--------+--------+--------+-----+--------+
         Total |   1067 |   1055 |     12 |      0 |    898 |   2 |  533.5 |
       Dungeon |   1067 |   1055 |     12 |      0 |    898 |   2 |  533.5 |
               +--------+--------+--------+--------+--------+-----+--------+

Top non-repeatable levels by time:
     D:1: 703 daAuts
     D:2: 364 daAuts
